 Dungeon Crawl Stone Soup version 0.26-a0-651-gb41185065b (webtiles) character file.

Game seed: 15042500107037453078

44 tof the Chopper (level 3, -4/31 HPs)
             Began as a Minotaur Gladiator on Sept 29, 2020.
             Slain by Sigmund
             ... wielding a +0 scythe
              (7 damage)
             ... on level 2 of the Dungeon.
             The game lasted 00:01:31 (1365 turns).

tof the Chopper (Minotaur Gladiator)                Turns: 1365, Time: 00:01:31

Health: -4/31      AC:  3    Str: 19    XL:     3   Next: 39%
Magic:  2/2        EV: 13    Int:  5    God:
Gold:   99         SH:  0    Dex: 11    Spells: 2/2 levels left

rFire    . . .     SeeInvis .   a - +0 war axe
rCold    . . .     Faith    .   (no shield)
rNeg     . . .     Spirit   .   b - +0 leather armour
rPois    .         Reflect  .   c - +0 hat
rElec    .         Harm     .   (no cloak)
rCorr    .         Rampage  .   (no gloves)
MR       .....                  (no boots)
Stlth    +.........             (no amulet)
HPRegen  0.10/turn              (no ring)
MPRegen  0.08/turn              (no ring)

@: no status effects
A: retaliatory headbutt, horns 2
a: no special abilities


You were on level 2 of the Dungeon.
You visited 1 branch of the dungeon, and saw 2 of its levels.

You collected 99 gold pieces.

Inventory:

Hand Weapons
 a - a +0 war axe (weapon)
Missiles
 d - 3 throwing nets (quivered)
Armour
 b - a +0 leather armour (worn)
 c - a +0 hat (worn)
Scrolls
 e - a scroll of remove curse {unknown}
 h - 2 scrolls of identify {unknown}
 j - a scroll of blinking {unknown}
 m - a scroll of immolation {unknown}
Potions
 f - a potion of haste {unknown}
 g - a potion of might {unknown}
 i - a potion of berserk rage {unknown}
 k - a potion of lignification {unknown}
 l - a potion of brilliance {unknown}


   Skills:
 + Level 3.2 Fighting
 + Level 4.3 Axes
 - Level 2.1 Throwing
 + Level 1.6 Armour
 - Level 3.4 Dodging


You had 2 spell levels left.
You didn't know any spells.
Your spell library was empty.

Dungeon Overview and Level Annotations

Branches:
Dungeon (2/15)

Altars:

Annotations:
D:2 Sigmund


Innate Abilities, Weirdness & Mutations

You reflexively headbutt those who attack you in melee.
You have a pair of horns on your head.


Message History

You slash the bat!
You kill the bat!
You see here a bat corpse.
Sigmund the Dreaded comes into view.
He is wielding a +0 scythe.
Sigmund points at you and mumbles some strange words.
The puff of flame hits you.
Found a scroll labeled ZAHAUN DOUSAY and 17 stones.
You are too injured to fight recklessly!
You see here a bat corpse.
Sigmund completely misses you.
You hit Sigmund but do no damage. Sigmund casts a spell at you.
You resist with significant effort.
You closely miss Sigmund. Sigmund hits you with a +0 scythe!
You closely miss Sigmund. Your headbutt misses Sigmund.
Sigmund hits you with a +0 scythe!
* * * LOW HITPOINT WARNING * * *
You completely miss Sigmund. Your headbutt misses Sigmund.
Sigmund hits you with a +0 scythe!
You die...

#...##......#
#...##......#
#..>##......#
#.#.##......# ####
#.#.######'## #..
#.#.# #.# #.#
#.#.######.#####.###
#.#.#.........†....#
#.#.#...(..#####@.##
#.#.#......#
#@#.?.?.#
#'#'######## #.#
#.##. .....# ..# #
.....# (## .....# #.
.)...# ## #'#'##
#.#.#


You could see Sigmund.

Vanquished Creatures
  An ooze (D:2)
  2 worms (D:2)
  A dart slug (D:1)
  A leopard gecko (D:1)
  A ball python (D:2)
  2 bats
  A giant cockroach (D:1)
  5 goblins
  2 hobgoblins (D:1)
  3 jackals (D:2)
  2 kobolds (D:2)
  A quokka (D:2)
  2 frilled lizards
  3 rats
27 creatures vanquished.

Notes
Turn   | Place    | Note
-------+----------+-------------------------------------------
     0 | D:1      | tof the Minotaur Gladiator began the quest for the Orb.
     0 | D:1      | Reached XP level 1. HP: 18/18 MP: 0/0
   544 | D:1      | Reached XP level 2. HP: 23/25 MP: 1/1
  1013 | D:2      | Reached skill level 4 in Axes
  1025 | D:2      | Reached skill level 1 in Armour
  1145 | D:2      | Reached XP level 3. HP: 30/31 MP: 2/2
  1357 | D:2      | Noticed Sigmund
  1365 | D:2      | Slain by Sigmund

Illustrated notes

Levels and vault maps discovered:
D:1:      dpeg_arrival_snail, layout_basic
D:2:      layout_basic, minmay_octomino_j4, uniq_sigmund

Skill      XL: |  1  2 |
---------------+-------+-----
Axes           | 4 |  4.3
Armour         | 1 |  1.6
Fighting       | 3 |  3.2
Throwing       | |  2.1
Dodging        | |  3.4

Action                   || total
-------------------------++-------
Melee: War axe           ||    45
       Headbutt          ||     9
Armor: Leather armour    ||    19
Dodge: Dodged            ||    53

Table legend: (Time is in decaauts)
 A = Elapsed time spent in this place.
 B = Non-inter-level travel time spent in this place.
 C = Inter-level travel time spent in this place.
 D = Time resting spent in this place.
 E = Time spent auto-exploring this place.
 F = Levels seen in this place.
 G = Mean time per level.
                   A        B        C        D        E       F      G
               +--------+--------+--------+--------+--------+-----+--------+
         Total |   1377 |   1309 |     68 |      0 |   1101 |   2 |  688.5 |
       Dungeon |   1377 |   1309 |     68 |      0 |   1101 |   2 |  688.5 |
               +--------+--------+--------+--------+--------+-----+--------+

Top non-repeatable levels by time:
     D:1: 997 daAuts
     D:2: 380 daAuts
